 Dungeon Crawl Stone Soup version 0.26-a0-844-g3dd439832f (webtiles) character file.

Game seed: 11653966840441453382

50 pablito the Grasshopper (level 3, 0/32 HPs)
             Began as a Palentonga Warper on Nov 18, 2020.
             Slain by an adder (1 damage)
             ... on level 2 of the Dungeon.
             The game lasted 00:09:00 (1384 turns).

pablito the Grasshopper (Palentonga Warper)         Turns: 1384, Time: 00:09:01

Health: 0/32       AC:  5    Str: 14    XL:     3   Next: 55%
Magic:  1/6        EV:  9    Int: 13    God:
Gold:   95         SH:  0    Dex: 10    Spells: 5/7 levels left

rFire    . . .     SeeInvis +   k - +0 short sword (flame)
rCold    . . .     Faith    .   (no shield)
rNeg     . . .     Spirit   .   d - +1 leather armour {MR+}
rPois    .         Reflect  .   (no helmet)
rElec    .         Harm     .   (no cloak)
rCorr    .         Rampage  .   (no gloves)
MR       +....                  (no barding)
Stlth    +.........             (no amulet)
HPRegen  0.10/turn              (no ring)
MPRegen  0.10/turn              (no ring)

@: lethally poisoned (0 -> -7), very slightly contaminated
A: large, rugged brown scales 3, see invisible, deformed body, roll 1, armoured
tail
a: Rolling Charge


You were on level 2 of the Dungeon.
You visited 1 branch of the dungeon, and saw 4 of its levels.

You collected 95 gold pieces.

Inventory:

Hand Weapons
 a - a +0 hand axe
 k - a +0 short sword of flaming (weapon)
Missiles
 e - 4 boomerangs of dispersal (quivered)
 i - 37 poisoned darts
Armour
 b - a +0 leather armour
 d - a +1 leather armour of magic resistance (worn)
Jewellery
 o - an uncursed ring of wizardry {unknown}
Wands
 m - a wand of enslavement (11)
Scrolls
 g - a scroll of immolation
 j - a scroll of fog {unknown}
Potions
 c - a potion of heal wounds
 f - a potion of lignification {unknown}
 h - a potion of might {unknown}
 l - 3 potions of curing {unknown}
 n - a potion of degeneration {unknown}
 p - a potion of attraction {unknown}


   Skills:
 + Level 2.5 Fighting
 + Level 2.5 Axes
 - Level 0.6 Throwing
 - Level 1.0 Armour
 - Level 1.5 Dodging
 + Level 2.5 Spellcasting
 + Level 3.4 Translocations


You had 5 spell levels left.
You knew the following spells:

 Your Spells              Type           Power        Failure   Level
a - Blink                 Tloc           N/A          11%         2

Your spell library contained the following spells:

 Spells                   Type           Power        Failure   Level
 Gell's Gravitas          Tloc           ##........   22%         3
 Lesser Beckoning         Tloc           ##........   22%         3
 Teleport Other           Tloc           ##......     22%         3
 Passage of Golubria      Tloc           N/A          58%         4


Dungeon Overview and Level Annotations

Branches:
Dungeon (4/15)
 Temple: D:4-7

Altars:


Innate Abilities, Weirdness & Mutations

You are completely covered in rugged brown scales. (AC +3, +7% HP)
You have supernaturally acute eyesight. (SInv)
Armour fits poorly on your strangely shaped body.
You can roll at nearby foes to attack.
You have a long armoured tail.


Message History

The giant cockroach is severely wounded.
The adder barely misses you.
The giant cockroach barely misses you. x2
You barely miss the giant cockroach.
The giant cockroach is severely wounded.
* * * LOW HITPOINT WARNING * * *
You feel sick. The adder misses you. The giant cockroach barely misses you.
The giant cockroach bites you but does no damage.
The adder bites you.
* * * LOW HITPOINT WARNING * * *
You are more poisoned.
The adder poisons you!
Unknown command.
Unknown command.
You hit the giant cockroach but do no damage.
Your tail-slap misses the giant cockroach.
The giant cockroach is severely wounded.
The giant cockroach misses you.
The giant cockroach bites you but does no damage.
The adder bites you.
You die...

###########
#@Sb......#
#BBl......#
#gr.......#
#.........#
#.........#
#####.........#.
................
............[..##
..###.........##


You could see an adder, a quokka, 2 giant cockroaches, a hobgoblin, a bat and a
frilled lizard.

Vanquished Creatures
  An adder (D:3)
  An ooze (D:3)
  A worm (D:2)
  2 dart slugs (D:1)
  5 bats
  4 goblins
  6 hobgoblins
  A quokka (D:3)
  2 frilled lizards
  2 kobolds (D:1)
  5 rats
30 creatures vanquished.

Notes
Turn   | Place    | Note
-------+----------+-------------------------------------------
     0 | D:1      | pablito the Palentonga Warper began the quest for the Orb.
     0 | D:1      | Reached XP level 1. HP: 18/18 MP: 3/3
    53 | D:1      | Reached skill level 1 in Armour
   240 | D:1      | Reached XP level 2. HP: 25/25 MP: 5/5
   519 | D:1      | You fall into a shaft and drop 1 floor!
   650 | D:2      | You fall into a shaft and drop 2 floors!
   650 | D:4      | Noticed an ogre
   670 | D:3      | Reached XP level 3. HP: 14/32 MP: 6/6
  1046 | D:1      | Learned a level 2 spell: Blink
  1383 | D:2      | HP: 1/32 [adder (1)]
  1384 | D:2      | Slain by an adder

Illustrated notes

Levels and vault maps discovered:
D:1:      evilmike_arrival_fibonacci_small, layout_basic, grunt_decor_resistance
D:2:      layout_rooms, grunt_ministairs_15, uniq_terence
D:3:      layout_loops_ring, nicolae_overflow_hidden_temple,
          chequers_ecumenical_altar_simple_redux, uniq_crazy_yiuf_cottage,
          uniq_grinder
D:4:      layout_rooms, nemelex_xobeh_ov_fountains_minmay, serial_aquarium,
          aquarium_bridge_square [aquarium_subvault_balcony,
          aquarium_subvault_bridge, aquarium_subvault_window,
          aquarium_subvault_bridge], aquarium_bridge_long_separate
          [aquarium_subvault_bridge, aquarium_subvault_wall,
          aquarium_subvault_bridge, aquarium_subvault_bridge,
          aquarium_subvault_bridge, aquarium_subvault_window],
          aquarium_window_1, aquarium_window_fake, aquarium_view_2b,
          aquarium_balcony_1a, aquarium_pool_corner

Skill      XL: |  1 |
---------------+----+-----
Armour         | 1 |  1.0
Fighting       | |  2.5
Axes           | |  2.5
Throwing       | |  0.6
Dodging        | |  1.5
Spellcasting   | |  2.5
Translocations | |  3.4

Action                   || total
-------------------------++-------
Melee: Hand axe          ||     9
       Short sword       ||    87
       Tailslap          ||     9
Throw: Boomerang         ||     1
 Cast: Blink             ||     2
 Abil: Rolling Charge    ||    21
  Use: Scroll            ||     3
       Potion            ||     1
Armor: Leather armour    ||    72
Dodge: Dodged            ||   103

Table legend: (Time is in decaauts)
 A = Elapsed time spent in this place.
 B = Non-inter-level travel time spent in this place.
 C = Inter-level travel time spent in this place.
 D = Time resting spent in this place.
 E = Time spent auto-exploring this place.
 F = Levels seen in this place.
 G = Mean time per level.
                   A        B        C        D        E       F      G
               +--------+--------+--------+--------+--------+-----+--------+
         Total |   1396 |   1293 |    103 |    177 |    808 |   4 |  349.0 |
       Dungeon |   1396 |   1293 |    103 |    177 |    808 |   4 |  349.0 |
               +--------+--------+--------+--------+--------+-----+--------+

Top non-repeatable levels by time:
     D:1: 840 daAuts
     D:3: 283 daAuts
     D:2: 267 daAuts
     D:4: 3 daAuts
